 Dungeon Crawl Stone Soup version 0.27.1-15-g792fb953b9 (webtiles) character file.

Game seed: 11180644239369316699

2 croobank the Grasshopper (level 1, 0/17 HPs)
             Began as a Barachi Warper on Nov 19, 2021.
             Slain by a hobgoblin (2 damage)
             ... on level 1 of the Dungeon.
             The game lasted 00:03:03 (97 turns).

croobank the Grasshopper (Barachi Warper)             Turns: 97, Time: 00:03:04

Health: 0/17       AC:  3    Str: 12    XL:     1   Next: 40%
Magic:  3/3        EV: 11    Int: 13    God:
Gold:   0          SH:  0    Dex: 11    Spells: 4/4 levels left

rFire    . . .     SeeInvis .   a - +0 hand axe
rCold    . . .     Faith    .   (no shield)
rNeg     . . .     Spirit   .   b - +0 leather armour
rPois    .         Reflect  .   (no helmet)
rElec    .         Harm     .   (no cloak)
rCorr    .         Rampage  .   (no gloves)
Will     .....                  (no boots)
Stlth    +.........             (no amulet)
HPRegen  0.05/turn              (no ring)
MPRegen  0.08/turn              (no ring)

@: unable to hop, slow
A: amphibious, slowness 1, strong legs 1, +LOS
a: Hop


You were on level 1 of the Dungeon.
You visited 1 branch of the dungeon, and saw 1 of its levels.

Inventory:

Hand Weapons
 a - a +0 hand axe (weapon)
Armour
 b - a +0 leather armour (worn)
 e - a +0 scale mail
Scrolls
 c - a scroll of acquirement {unknown}
Potions
 f - a potion of lignification {unknown}


   Skills:
 + Level 2.6 Fighting
 + Level 2.1 Axes
 + Level 1.0 Throwing
 + Level 1.2 Armour
 + Level 2.1 Dodging
 + Level 2.1 Spellcasting
 + Level 3.4 Translocations


You had 4 spell levels left.
You didn't know any spells.
Your spell library contained the following spells:

 Spells                   Type           Power      Damage    Failure   Level
 Blink                    Tloc           N/A        N/A       12%         2
 Gell's Gravitas          Tloc           5%         N/A       24%         3
 Lesser Beckoning         Tloc           5%         N/A       24%         3
 Teleport Other           Tloc           10%        N/A       24%         3
 Manifold Assault         Tloc           10%        N/A       91%         5


Dungeon Overview and Level Annotations

Branches:
Dungeon (1/15)

Altars:


Innate Abilities, Weirdness & Mutations

You are amphibious.
You cover ground slowly.
You can hop short distances.
You have an extended range of vision and can be seen from far away.


Message History

The hobgoblin hits you but does no damage.
The kobold closely misses you.
You closely miss the kobold. You hit the hobgoblin.
The hobgoblin hits you but does no damage.
The kobold hits you with a +0 dagger. The hobgoblin hits you.
* * * LOW HITPOINT WARNING * * *
Hop to where?
Press: ? - help, Dir - move target Boing!
Drop what? 6/52 slots (_ for help) (? for menu, Esc to quit)
Okay, then.
Drop what? 6/52 slots (_ for help) (? for menu, Esc to quit)
Okay, then.
Unknown command.
Throw: 2 boomerangs (disperse)
Press: ? - help, Q - select action, (/) - cycle Shift-Dir - straight line, f - endoplasm
Aim: an endoplasm (85% to hit)
You throw a boomerang of dispersal.
The boomerang of dispersal hits the endoplasm.
The endoplasm blinks!
The endoplasm is lightly wounded.
Throw: boomerang (disperse)
Press: ? - help, Q - select action, (/) - cycle Shift-Dir - straight line, f/p - endoplasm
Aim: an endoplasm (lightly wounded, 85% to hit)
You throw a boomerang of dispersal.
The boomerang of dispersal closely misses the kobold.
The boomerang of dispersal hits the endoplasm but does no damage.
The endoplasm is lightly wounded.
Blink to where?
Press: ? - help, Dir - move target, p - endoplasm Marked for pickup.
As you read the scroll of blinking, it crumbles to dust.
c - a scroll labelled WELOSO EQERU The hobgoblin hits you but does no damage.
A hobgoblin comes into view.
The hobgoblin shouts!
The hobgoblin misses you. The hobgoblin barely misses you.
You barely miss the hobgoblin. You completely miss the hobgoblin.
The hobgoblin closely misses you. The hobgoblin hits you.
You die...

#..[# #...# #...# #
#...# ♣####...#
.♣..#...# ♣.♣#..###
# ..#####
######.### ..♣
#KJg@g...# ♣<♣
#.####.#.# #♣#
########.# ..
#.....##K##### ...
####............#
...#
###...............#
..#
..................#
.#
..................#
.
....##............#


You could see an endoplasm, 2 hobgoblins and a kobold.

Vanquished Creatures
  A giant cockroach (D:1)
  A hobgoblin (D:1)
2 creatures vanquished.

Notes
Turn   | Place    | Note
-------+----------+-------------------------------------------
     0 | D:1      | croobank the Barachi Warper began the quest for the Orb.
     0 | D:1      | Reached XP level 1. HP: 17/17 MP: 3/3
    97 | D:1      | Slain by a hobgoblin

Illustrated notes

Levels and vault maps discovered:
D:1:      pf_arrival_petrified_forest, layout_basic, serial_aquarium,
          aquarium_bridge_square [aquarium_subvault_bridge,
          aquarium_subvault_balcony, aquarium_subvault_bridge,
          aquarium_subvault_wall], aquarium_bridge_square
          [aquarium_subvault_wall, aquarium_subvault_window,
          aquarium_subvault_wall, aquarium_subvault_bridge],
          aquarium_window_fake, aquarium_window_1, aquarium_view_2b,
          aquarium_view_2d, aquarium_balcony_5a, aquarium_pool_2, serial_shops,
          nicolae_shop_temple_entry_statues_fountains

Action                   || total
-------------------------++-------
Melee: Hand axe          ||    11
Throw: Boomerang         ||     5
 Abil: Hop               ||     1
  Use: Scroll            ||     1
Armor: Leather armour    ||     7
Dodge: Dodged            ||    16
